 Dungeon Crawl Stone Soup version 0.27-a0-604-g29a88b33a7 (webtiles) character file.

Game seed: 13422195431579415007

278 srzhan31 the Conjurer (level 6, 0/35 HPs)
             Began as a Gargoyle Conjurer on Mar 12, 2021.
             Slain by ShadowManNeo's ghost (3 damage)
             ... on level 4 of the Dungeon.
             The game lasted 00:07:36 (3547 turns).

srzhan31 the Conjurer (Gargoyle Conjurer)           Turns: 3547, Time: 00:07:37

Health: 0/35       AC:  7    Str: 11    XL:     6   Next: 26%
Magic:  9/20       EV: 12    Int: 20    God:
Gold:   234        SH:  5    Dex:  8    Spells: 8/11 levels left

rFire    . . .     SeeInvis .   (no weapon)
rCold    . . .     Faith    .   (no shield)
rNeg     + . .     Spirit   .   a - +0 robe
rPois    ∞         Reflect  +   (no helmet)
rElec    +         Harm     .   (no cloak)
rCorr    .         Rampage  .   g - +0 pair of gloves
Will     .....                  (no boots)
Stlth    ++........             k - amulet of reflection
HPRegen  0.11/turn              e - ring of magical power
MPRegen  0.17/turn              (no ring)

@: no status effects
A: negative energy resistance 1, electricity resistance, torment resistance 1,
unbreathing 1, petrification resistance, AC +4
a: no special abilities


You were on level 4 of the Dungeon.
You visited 1 branch of the dungeon, and saw 4 of its levels.

You collected 234 gold pieces.

Inventory:

Hand Weapons
 o - a +3 dagger
Armour
 a - a +0 robe (worn)
 g - a +0 pair of gloves (worn)
Jewellery
 e - a ring of magical power (right hand)
 k - an amulet of reflection (around neck)
Wands
 i - a wand of mindburst (8)
 m - a wand of paralysis (10)
Scrolls
 b - 5 scrolls of identify {unknown}
 h - 2 scrolls of enchant armour {unknown}
 j - a scroll of enchant weapon {unknown}
 n - 2 scrolls of immolation {unknown}
 p - a scroll of magic mapping {unknown}
Potions
 c - 4 potions of curing {unknown}
 d - 2 potions of haste {unknown}
 f - a potion of mutation {unknown}
 l - a potion of heal wounds {unknown}


   Skills:
 * Level 1.8 Fighting
 * Level 1.5 Armour
 * Level 2.4 Dodging
 - Level 2.2 Stealth
 * Level 1.6 Shields
 * Level 3.4 Spellcasting
 + Level 5.7 Conjurations


You had 8 spell levels left.
You knew the following spells:

 Your Spells              Type           Power      Damage    Failure   Level
a - Magic Dart            Conj           100%       1d8       1%          1
b - Searing Ray           Conj           52%        3d5       1%          2

Your spell library contained the following spells:

 Spells                   Type           Power      Damage    Failure   Level
 Dazzling Flash           Conj/Hex       28%        N/A       13%         3
 Fulminant Prism          Conj/Hex       7%         3d7       38%         4
 Iskenderun's Mystic Bla  Conj/Tloc      14%        2d5       38%         4


Dungeon Overview and Level Annotations

Branches:
Dungeon (4/15)
 Temple: D:4-7

Altars:
Ashenzari
Gozag
Kikubaaqudgha
Sif Muna
Trog
Xom

Shops:
D:2 *

Annotations:
D:4 ShadowManNeo's ghost, novice HuCj


Innate Abilities, Weirdness & Mutations

Your stone body is resilient. (AC +4)
You are immune to poison.
You resist negative energy. (rN+)
You are resistant to electric shocks. (rElec)
You are resistant to unholy torment.
You can survive without breathing.
You are immune to petrification.


Message History

ShadowManNeo's ghost gestures at you while chanting.
The magic dart hits you!
Casting: Searing Ray (safe; 1% risk of failure)
Confirm with . or Enter, or press ? or * to list all spells.
Aiming: Searing Ray (safe; 1% risk of failure)
Press: ? - help, Shift-Dir - straight line, f/p - ShadowManNeo's ghost
Aim: ShadowManNeo's ghost (lightly damaged, 21% to evade)
The searing ray hits ShadowManNeo's ghost!
ShadowManNeo's ghost is heavily damaged. (Press . to maintain the ray.) ShadowManNeo's ghost casts a spell at you.
The magic dart hits you.
The searing ray hits ShadowManNeo's ghost.
ShadowManNeo's ghost is heavily damaged.
You block ShadowManNeo's ghost's attack.
The searing ray misses ShadowManNeo's ghost.
ShadowManNeo's ghost casts a spell at you.
The magic dart hits you but does no damage.
The searing ray hits ShadowManNeo's ghost.
ShadowManNeo's ghost is heavily damaged.
You finish channeling your searing ray.
ShadowManNeo's ghost gestures at you while chanting.
The magic dart hits you!
ShadowManNeo's ghost points at you and mumbles some strange words.
The magic dart hits you.
* * * LOW HITPOINT WARNING * * *
Casting: Searing Ray (safe; 1% risk of failure)
Confirm with . or Enter, or press ? or * to list all spells.
Aiming: Searing Ray (safe; 1% risk of failure)
Press: ? - help, Shift-Dir - straight line, f/p - ShadowManNeo's ghost
Aim: ShadowManNeo's ghost (heavily damaged, 21% to evade)
The searing ray hits ShadowManNeo's ghost!
ShadowManNeo's ghost is severely damaged. (Press . to maintain the ray.) ShadowManNeo's ghost hits you!
* * * LOW HITPOINT WARNING * * *
The searing ray hits ShadowManNeo's ghost but does no damage.
ShadowManNeo's ghost is severely damaged.
ShadowManNeo's ghost hits you.
You die...

... ##.. ...## ############ ...
... ............ [(..... ..#
.....(..####
........####.####.######.#
.........#....#.P# #.#
..........#...@W?8# .# #.#
.............[..#.P#... #.#
................####..# #.#
................## ..# #.#
................######.# #.#
.............####...##.# #.#
.............####...##.# #.#
.......................#####.#
..............#.....#.......#####


You could see ShadowManNeo's ghost.

Vanquished Creatures
  Crazy Yiuf (D:3)
  Jessica (D:3)
  2 orc wizards (D:3)
  A worker ant (D:3)
  6 adders
  2 oozes
  2 worms (D:4)
  A dart slug (D:1)
  2 leopard geckos
  6 orcs
  2 ball pythons
  4 giant cockroaches
  3 goblins
  6 hobgoblins
  6 jackals
  A quokka (D:3)
  9 bats
  5 frilled lizards
  A jackal zombie (D:4)
  9 kobolds
  10 rats
80 creatures vanquished.

Notes
Turn   | Place    | Note
-------+----------+-------------------------------------------
     0 | D:1      | srzhan31 the Gargoyle Conjurer began the quest for the Orb.
     0 | D:1      | Reached XP level 1. HP: 10/10 MP: 3/3
   331 | D:1      | Reached XP level 2. HP: 15/15 MP: 3/5
   334 | D:1      | Learned a level 2 spell: Searing Ray
   735 | D:1      | Reached skill level 5 in Conjurations
  1122 | D:2      | Reached XP level 3. HP: 19/19 MP: 6/6
  1175 | D:2      | Found an opulent altar of Gozag.
  1313 | D:2      | Found an ancient bone altar of Kikubaaqudgha.
  1318 | D:2      | Found a shimmering blue altar of Sif Muna.
  1504 | D:2      | Found an opulent altar of Gozag.
  1510 | D:2      | Found Gozag's Platinum Reserve.
  1539 | D:2      | Reached XP level 4. HP: 24/24 MP: 7/7
  2083 | D:3      | Noticed Jessica
  2095 | D:3      | Killed Jessica
  2096 | D:3      | Reached skill level 1 in Fighting
  2096 | D:3      | Reached skill level 1 in Armour
  2096 | D:3      | Reached skill level 1 in Shields
  2202 | D:3      | Reached XP level 5. HP: 25/29 MP: 9/9
  2284 | D:3      | Found a broken altar of Ashenzari.
  2408 | D:3      | Found a shimmering altar of Xom.
  2782 | D:3      | Reached XP level 6. HP: 34/34 MP: 10/10
  2963 | D:3      | Found a runed translucent door.
  2964 | D:3      | Noticed Crazy Yiuf
  3091 | D:3      | Killed Crazy Yiuf
  3409 | D:4      | Noticed a moth of wrath
  3429 | D:4      | Found a bloodstained altar of Trog.
  3524 | D:4      | Found a runed translucent door.
  3525 | D:4      | Noticed ShadowManNeo's ghost (novice HuCj)
  3547 | D:4      | Slain by ShadowManNeo's ghost

Illustrated notes

Levels and vault maps discovered:
D:1:      dpeg_arrival_radiant, layout_loops_ring, minmay_curled_crystal
D:2:      layout_loops_ring, grunt_temple_overflow_open,
          nicolae_gozag_zags_fifth_avenue, minmay_hexomino_r4
D:3:      layout_rooms, ashenzari_altar_1, marbit_many_paths, uniq_jessica,
          uniq_crazy_yiuf_cottage
D:4:      layout_basic, tgw_trog, gammafunk_ghost_grave, st_stairs_2,
          uniq_grinder, uniq_ijyb

Skill      XL: |  1  2  3  4  5 |
---------------+----------------+-----
Conjurations   | 5 |  5.7
Fighting       | 1 |  1.8
Armour         | 1 |  1.5
Dodging        | 2 |  2.4
Shields        | 1 |  1.6
Spellcasting   | 3 |  3.4
Stealth        | |  2.2

Action                   |  1- 3 |  4- 6 || total
-------------------------+-------+-------++-------
Melee: Unarmed           |     1 |     3 ||     4
 Cast: Magic Dart        |    15 |    12 ||    27
       Searing Ray       |    20 |    34 ||    54
Armor: Robe              |     6 |    20 ||    26
Dodge: Dodged            |    11 |    22 ||    33
Block: Other             |       |    13 ||    13

Table legend: (Time is in decaauts)
 A = Elapsed time spent in this place.
 B = Non-inter-level travel time spent in this place.
 C = Inter-level travel time spent in this place.
 D = Time resting spent in this place.
 E = Time spent auto-exploring this place.
 F = Levels seen in this place.
 G = Mean time per level.
                   A        B        C        D        E       F      G
               +--------+--------+--------+--------+--------+-----+--------+
         Total |   3545 |   3429 |    116 |      0 |   2864 |   4 |  886.2 |
       Dungeon |   3545 |   3429 |    116 |      0 |   2864 |   4 |  886.2 |
               +--------+--------+--------+--------+--------+-----+--------+

Top non-repeatable levels by time:
     D:3: 1134 daAuts
     D:1: 1118 daAuts
     D:2: 960 daAuts
     D:4: 331 daAuts
